 Dungeon Crawl Stone Soup version 0.23-a0-767-gdc19b93 (webtiles) character file.

524230 Gorice the Minotaur Blade (level 24, -4/231 HPs)
             Began as a Minotaur Gladiator on Jan 14, 2019.
             Was the Champion of the Shining One.
             Slain by a stone giant (24 damage)
             ... on level 2 of the Depths on Jan 19, 2019.
             The game lasted 05:06:50 (64059 turns).

Gorice the Minotaur Blade (Minotaur Gladiator)     Turns: 64059, Time: 05:06:51

Health: -4/231     AC: 38    Str: 23    XL:     24   Next: 74%
Magic:  0/33       EV: 26    Int: 10    God:    the Shining One [******]
Gold:   3623       SH:  0    Dex: 13    Spells: 25/37 levels left

rFire    . . .     SeeInvis +   a - +2 triple sword (elec)
rCold    . . .     Gourm    .   (shield currently unavailable)
rNeg     + + +     Faith    .   w - +8 chain mail of the Sun {rElec rPois rCorr Dex-2}
rPois    +         Spirit   +   S - +0 mask of the Dragon {MR+ Slay+3 SInv}
rElec    +         Reflect  .   i - +2 cloak {MR+}
rCorr    +         Harm     .   H - +0 pair of gloves
MR       +++..                  W - +1 pair of boots
Stlth    ..........             n - amulet of guardian spirit
HPRegen  0.48/turn              E - ring of Phasing {EV+8}
MPRegen  0.23/turn              P - +5 ring of protection

@: glowing
A: retaliatory headbutt, horns 2
}: 2/15 runes: barnacled, gossamer
a: Divine Shield, Cleansing Flame, Summon Divine Warrior, Brand Weapon With Holy
Wrath, Renounce Religion


You were on level 2 of the Depths.
You worshipped the Shining One.
The Shining One was exalted by your worship.
You were not hungry.

You visited 10 branches of the dungeon, and saw 44 of its levels.
You visited 1 bazaar.
You also visited: Wizlab.

You collected 6337 gold pieces.
You spent 2714 gold pieces at shops.

Inventory:

Hand Weapons
 a - a +2 triple sword of electrocution (weapon)
   (You acquired it on level 3 of the Vaults)
 B - a +9 blowgun
Missiles
 U - 37 steel javelins (quivered)
 V - 10 curare-tipped needles
 X - 50 javelins of penetration
 Z - 10 throwing nets {!f}
Armour
 i - a +2 cloak of magic resistance (worn)
   (You took it off Crazy Yiuf on level 2 of the Dungeon)
 w - the +8 chain mail of the Sun (worn) {rElec rPois rCorr Dex-2}
   (You found it on level 2 of the Crypt)

   It affects your dexterity (-2).
   It insulates you from electricity.
   It protects you from poison.
   It provides partial protection from all sources of acid and corrosion.
 H - a +0 pair of gloves (worn)
 S - the +0 mask of the Dragon (worn) {MR+ Slay+3 SInv}
   (You found it on level 4 of the Lair of Beasts)

   It affects your accuracy and damage with ranged weapons and melee attacks
   (+3).
   It affects your resistance to hostile enchantments.
   It lets you see invisible.
 W - a +1 pair of boots (worn)
Jewellery
 c - an uncursed ring of protection from cold
 f - an uncursed ring of protection from fire
 m - the ring "Meaf Ohisayl" {+Blink rPois MR+ Str+4 Slay+3}
   (You took it off a deep elf high priest on level 3 of the Elven Halls)

   [ring of protection from magic]

   It affects your strength (+4).
   It affects your accuracy and damage with ranged weapons and melee attacks
   (+3).
   It protects you from poison.
   It affects your resistance to hostile enchantments.
   It lets you blink.
 n - an amulet of guardian spirit (around neck)
 E - the ring of Phasing (left hand) {EV+8}
   (You found it on level 3 of the Crypt)

   [ring of evasion]

   It affects your evasion (+8).
 P - a +5 ring of protection (right hand)
Wands
 t - a wand of iceblast (42)
 x - a wand of scattershot (6)
 F - a wand of acid (11)
 G - a wand of paralysis (25)
Scrolls
 b - 2 scrolls of acquirement {!r}
 h - 9 scrolls of blinking
 o - 2 scrolls of fog
 u - 18 scrolls of remove curse
 y - 7 scrolls of summoning {!r}
 z - 5 scrolls of magic mapping {!r}
 D - 16 scrolls of identify
 I - 13 scrolls of teleportation {!r}
 T - 2 scrolls of fear {!r}
Potions
 d - 2 potions of haste {!q}
 e - 6 potions of agility {!q}
 l - 12 potions of curing
 r - 5 potions of flight
 s - 5 potions of cancellation {!q}
 v - 5 potions of resistance {!q}
 A - a potion of magic {!q}
 C - 7 potions of heal wounds {!q}
Miscellaneous
 J - 3 boxes of beasts
 L - a lightning rod (4/4) {!a}
Comestibles
 k - 44 rations


   Skills:
 - Level 22.0 Fighting
 - Level 24.0 Long Blades
 - Level 10.0 Throwing
 - Level 22.0 Armour
 - Level 18.0 Dodging
 + Level 7.4 Spellcasting
 + Level 15.7 Invocations
 - Level 12.0 Evocations


You had 25 spell levels left.
You knew the following spells:

 Your Spells              Type           Power        Failure   Level  Hunger
s - Summon Lightning Spi  Summ/Air       #.......     99%         4    ####...
A - Apportation           Tloc           #.....       50%         1    None
D - Aura of Abjuration    Summ           #.........   100%        5    ######.
J - Blink                 Tloc           N/A          63%         2    ##.....

Your spell library contained the following spells:

 Spells                   Type           Power        Failure   Level  Hunger
 Animate Skeleton         Necr           N/A          50%         1    None
 Beastly Appendage        Tmut           #.....       50%         1    None
 Confusing Touch          Hex            #.....       50%         1    None
 Flame Tongue             Conj/Fire      #....        50%         1    None
 Magic Dart               Conj           #...         50%         1    None
 Pain                     Necr           #...         50%         1    None
 Sandblast                Erth           #.....       50%         1    None
 Summon Small Mammal      Summ           #...         50%         1    None
 Call Imp                 Summ           #.......     63%         2    ##.....
 Corpse Rot               Necr           N/A          63%         2    ##.....
 Passwall                 Tmut/Erth      #.......     63%         2    ##.....
 Searing Ray              Conj           #.....       63%         2    ##.....
 Slow                     Hex            #.......     63%         2    ##.....
 Sticks to Snakes         Tmut           #.......     63%         2    ##.....
 Sublimation of Blood     Necr           #.........   63%         2    ##.....
 Call Canine Familiar     Summ           #.......     86%         3    ###....
 Confuse                  Hex            #.......     86%         3    ###....
 Conjure Flame            Conj/Fire      #.......     86%         3    ###....
 Dazzling Spray           Conj/Hex       #.....       86%         3    ###....
 Gell's Gravitas          Tloc           #.........   86%         3    ###....
 Ignite Poison            Fire/Tmut/Pois #.......     86%         3    ###....
 Mephitic Cloud           Conj/Pois/Air  #.......     86%         3    ###....
 Recall                   Summ/Tloc      N/A          86%         3    ###....
 Regeneration             Chrm/Necr      #.........   86%         3    ###....
 Spider Form              Tmut/Pois      #.........   86%         3    ###....
 Static Discharge         Conj/Air       #.......     86%         3    ###....
 Summon Guardian Golem    Hex/Summ       #.......     86%         3    ###....
 Teleport Other           Tloc           #.......     86%         3    ###....
 Vampiric Draining        Necr           #.........   86%         3    ###....
 Animate Dead             Necr           N/A          99%         4    ####...
 Cause Fear               Hex            #.........   99%         4    ####...
 Force Lance              Conj/Tloc      #.......     99%         4    ####...
 Fulminant Prism          Conj/Hex       #.........   99%         4    ####...
 Ice Form                 Ice/Tmut       #.......     99%         4    ####...
 Iskenderun's Mystic Bla  Conj           #.......     99%         4    ####...
 Passage of Golubria      Tloc           N/A          99%         4    ####...
 Petrify                  Tmut/Erth      #.......     99%         4    ####...
 Summon Ice Beast         Ice/Summ       #.......     99%         4    ####...
 Agony                    Necr           #.......     100%        5    ######.
 Alistair's Intoxication  Tmut/Pois      #.......     100%        5    ######.
 Blade Hands              Tmut           #.........   100%        5    ######.
 Bolt of Draining         Conj/Necr      #.........   100%        5    ######.
 Bolt of Magma            Conj/Fire/Erth #.........   100%        5    ######.
 Borgnjor's Vile Clutch   Necr/Erth      #.........   100%        5    ######.
 Dispel Undead            Necr           #.......     100%        5    ######.
 Excruciating Wounds      Chrm/Necr      #.........   100%        5    ######.
 Fireball                 Conj/Fire      #.........   100%        5    ######.
 Irradiate                Conj/Tmut      #.........   100%        5    ######.
 Iskenderun's Battlesphe  Conj/Chrm      #.......     100%        5    ######.
 Lightning Bolt           Conj/Air       #.........   100%        5    ######.
 Metabolic Englaciation   Hex/Ice        #.........   100%        5    ######.
 Silence                  Hex/Air        #.........   100%        5    ######.
 Summon Demon             Summ           #.........   100%        5    ######.
 Summon Forest            Summ/Tloc      #.........   100%        5    ######.
 Summon Mana Viper        Hex/Summ       #.......     100%        5    ######.
 Venom Bolt               Conj/Pois      #.........   100%        5    ######.
 Yara's Violent Unravell  Hex/Tmut       #.........   100%        5    ######.
 Bolt of Fire             Conj/Fire      #.........   100%        6    #######
 Death Channel            Necr           #.........   100%        6    #######
 Deflect Missiles         Chrm/Air       #.........   100%        6    #######
 Iron Shot                Conj/Erth      #.........   100%        6    #######
 Shadow Creatures         Summ           N/A          100%        6    #######
 Dragon Form              Tmut           #.........   100%        7    #######
 Orb of Destruction       Conj           #.........   100%        7    #######
 Ring of Flames           Chrm/Fire      #.........   100%        7    #######
 Spellforged Servitor     Conj/Summ      #.........   100%        7    #######
 Discord                  Hex            #.........   100%        8    #######
 Ignition                 Fire           #.........   100%        8    #######
 Infestation              Necr           #.........   100%        8    #######
 Dragon's Call            Summ           #.........   100%        9    #######
 Shatter                  Erth           #.........   100%        9    #######
 Tornado                  Air            #.........   100%        9    #######


Dungeon Overview and Level Annotations

Branches:
Dungeon (15/15)            Temple (1/1) D:4            Lair (6/6) D:10
 Shoals (4/4) Lair:4       Spider (4/4) Lair:4        Slime (0/5) Lair:5
    Orc (2/2) D:9             Elf (3/3) Orc:2        Vaults (4/5) D:13
  Crypt (3/3) Vaults:2       Tomb (0/3) Crypt:3      Depths (2/5) D:15

Altars:
Ashenzari
Cheibriados
Dithmenos
Elyvilon
Fedhas
Gozag
Hepliaklqana
Kikubaaqudgha
Makhleb
Nemelex Xobeh
Okawaru
Qazlal
Ru
Sif Muna
Trog
Uskayaw
Vehumet
Wu Jian
Xom
Yredelemnul
Zin
The Shining One
Beogh
Jiyva

Shops:
D:5 (   D:13 *   Orc:2 :*?[   Elf:1 ==}   Elf:2 ***   Shoals:1 (}[   Vaults:1 :

Portals:
Hell: Depths:1
Abyss: Depths:2
Ziggurat: Depths:1

Annotations:
Shoals:2 3 runed doors, Onatt's ghost, adept GnCK
Spider:4 exclusion: Roxanne, Roxanne


Innate Abilities, Weirdness & Mutations

You reflexively headbutt those who attack you in melee.
You have a pair of horns on your head.


Message History

Damage: 18 (max 30)
You slice the frost giant!! You headbutt the frost giant.
The frost giant is moderately wounded.
The stone giant throws a large rock.
The large rock hits you but does no damage.
You slice the frost giant!!
You headbutt the frost giant, but do no damage.
The frost giant is severely wounded.
The frost giant barely misses you.
You slice the frost giant!! You headbutt the frost giant!
The frost giant is almost dead.
The stone giant throws a large rock.
The large rock hits you but does no damage.
You slash the frost giant!
Lightning courses through the frost giant!
You kill the frost giant!
The stone giant throws a large rock.
The large rock hits you!
* * * LOW HITPOINT WARNING * * *
Things that are here:
a +1 battleaxe of freezing; 2 large rocks; a frost giant corpse Damage: 14 (max 30)
A frost giant comes into view.
It is wielding a +0 battleaxe of freezing.
The stone giant hits you!!
* * * LOW HITPOINT WARNING * * *
Damage: 21 (max 30)
You slash the stone giant!
The stone giant is lightly wounded.
The stone giant closely misses you. You furiously retaliate!
You headbutt the stone giant, but do no damage.
You hit the stone giant but do no damage.
Lightning courses through the stone giant!
You headbutt the stone giant, but do no damage.
The stone giant is moderately wounded.
You slice the stone giant!!
The stone giant is heavily wounded.
The stone giant closely misses you.
The frost giant gestures at you while chanting.
The bolt of cold misses you.
You hit the stone giant. Your headbutt misses the stone giant.
The stone giant is heavily wounded.
The stone giant hits you!!
* * * LOW HITPOINT WARNING * * *
Damage: 16 (max 30)
You hit the stone giant.
Lightning courses through the stone giant!
The stone giant is severely wounded.
You slash the stone giant!
The stone giant is almost dead.
The stone giant hits you!!
You die...

.#..# ##... ..... ....
###...# ...... ..#.. .....#
....
..#.####.#.######'########
..........................
........................
.##...................####.#
.##......######C............
........## ##@.).........
.......## ##.(#####....
.......# #)## . .......# #C#
.......# #.# ..###### #.#
.## #.# .# ... .' ...


You could see a frost giant and a stone giant.

Vanquished Creatures
  2 ancient liches (Crypt:2)
  A juggernaut (Depths:2)
  Saint Roka (Depths:2)
  Bai Suzhen (Crypt:1)
  2 caustic shrikes (Depths:2)
  A curse toe (Crypt:3)
  The ghost of ubloh the Executioner, an adept HOGl of Hepliaklqana (Vaults:3)
  Arachne (Spider:3)
  Jorgrun (Spider:3)
  6 liches
  Rupert (D:12)
  A tentacled monstrosity (Vaults:4)
  The ghost of tilp the Impaler, an adept MfIE of Makhleb (Vaults:1)
  The ghost of Adoddidy the Stickfighter, an adept NaAE of Ru (Crypt:1)
  The ghost of Tiewk the Spry, an adept SpEn of Kikubaaqudgha (Elf:1)
  A titan (Depths:2)
  2 deep elf blademasters
  Asterion (Depths:1)
  6 ancient champions
  2 deep elf master archers (Elf:3)
  A kraken (Shoals:4)
  2 sphinxes (Vaults:2)
  2 storm dragons
  2 revenants (Crypt:2)
  4 fire giants
  A tengu reaver (Vaults:1)
  Ilsuiw (Shoals:2)
  12 vault wardens
  4 deep elf sorcerers (Elf:3)
  5 frost giants
  Louise (Spider:1)
  5 emperor scorpions
  7 ghost moths
  2 curse skulls (Crypt:3)
  8 deep elf elementalists (Elf:3)
  10 ironheart preservers
  2 reapers (Crypt:2)
  6 ghouls
  15 very ugly things
  10 stone giants
  The ghost of Moraad the Champion of Chaos, a journeyman DDFi of Makhleb (Spider:4)
  3 vampire knights
  9 deep elf annihilators
  4 deep elf demonologists
  An orange crystal statue (WizLab)
  3 spark wasps (Spider:4)
  2 eidola
  6 ettins
  5 deep elf death magi
  The ghost of epen the Carver, a journeyman GnCK of Xom (D:13)
  8 merfolk javelineers
  4 jiangshi (Crypt:2)
  3 fire dragons
  Josephine (D:11)
  10 merfolk impalers
  4 yaktaur captains
  5 deep elf high priests (Elf:3)
  Fannar (Lair:2)
  7 rakshasas
  3 great orbs of eyes
  8 ice dragons
  A catoblepas (Shoals:2)
  7 centaur warriors
  4 hydras
  10 vault guards
  6 ogre magi
  An anaconda (D:13)
  Erica (D:8)
  6 satyrs
  4 merfolk avatars
  6 death knights
  3 merfolk aquamancers (Shoals:4)
  23 two-headed ogres
  33 dancing weapons
  A tengu warrior (D:15)
  2 deep troll shamans
  6 deep troll earth magi
  2 vampire magi (Crypt:2)
  A naga sharpshooter (D:13)
  Sonja (D:12)
  19 deep elf knights
  A storm dragon zombie (Crypt:2)
  3 spriggan berserkers (Depths:2)
  A fire crab (shapeshifter) (Vaults:4)
  A soul eater (Vaults:2)
  An iron troll (Depths:1)
  5 hell knights (Depths:2)
  3 shadow wraiths
  A titan skeleton (Crypt:3)
  Nergalle (Lair:2)
  11 sea snakes
  26 skeletal warriors
  A storm dragon skeleton (Vaults:3)
  An anaconda zombie (Crypt:2)
  3 unseen horrors
  5 wizards
  13 deep elf archers
  A golden dragon zombie (Crypt:1)
  7 flayed ghosts
  21 deep trolls
  2 glowing orange brains
  Pikel (D:5)
  17 ironbrand convokers
  An obsidian statue (Elf:2)
  6 phantasmal warriors
  5 necromancers
  15 orc knights
  26 harpies
  69 ugly things
  3 wolf spider zombies
  17 orb spiders
  35 wolf spiders
  76 deep elf magi
  A shadow dragon skeleton (Crypt:3)
  4 oklob plants (Lair:6)
  13 cyclopes
  2 orc sorcerers
  A fire giant zombie (Vaults:3)
  8 manticores
  18 fauns
  A manticore (shapeshifter) (Vaults:4)
  A stone giant zombie (Crypt:3)
  22 elephants
  A moth of wrath (Spider:4)
  9 vault sentinels
  A stone giant skeleton (Crypt:3)
  4 black mambas
  Maurice (D:12)
  11 merfolk sirens
  5 water nymphs
  A guardian serpent (shapeshifter) (Vaults:2)
  2 naga magi (D:15)
  2 gargoyles
  2 pale draconian zombies (Crypt:3)
  A torpor snail (Spider:1)
  7 spiny frogs
  3 centaur skeletons
  A red draconian zombie (Crypt:3)
  A dire elephant skeleton (Crypt:2)
  A death yak zombie (Crypt:2)
  A black draconian zombie (Crypt:3)
  30 yaktaurs
  A yaktaur (shapeshifter) (Vaults:1)
  3 kobold demonologists (D:13)
  11 freezing wraiths
  14 rime drakes
  13 komodo dragons
  A minotaur zombie (Crypt:2)
  A tengu conjurer (Depths:1)
  6 demonic crawlers
  14 trolls
  3 meliai (shapeshifter)
  39 jumping spiders
  A harpy zombie (Crypt:2)
  3 bog bodies
  A jumping spider (shapeshifter) (Vaults:2)
  20 hornets
  A hornet (shapeshifter) (Elf:1)
  Grinder (D:5)
  7 polar bears
  26 merfolk
  2 harpy skeletons (D:15)
  14 blink frogs
  13 dream sheep
  A tarantella zombie (Crypt:1)
  A human simulacrum (Vaults:2)
  15 slime creatures
  A blink frog (shapeshifter) (D:15)
  A meliai zombie (Crypt:3)
  8 snapping turtles
  5 wind drakes
  A hippogriff (shapeshifter) (Vaults:3)
  An alligator zombie (Crypt:1)
  8 hippogriffs
  An alligator skeleton (Crypt:2)
  An ettin skeleton (Crypt:3)
  15 flying skulls
  4 air elementals
  A fire dragon skeleton (Crypt:3)
  A tarantella (shapeshifter) (Elf:1)
  69 redbacks
  13 spriggans
  11 water elementals
  A dire elephant simulacrum (Crypt:2)
  46 tarantellas
  A human (D:12)
  A shadow (D:14)
  31 yaks
  2 wyverns
  A black mamba skeleton (Crypt:2)
  A vampire (D:13)
  7 basilisks
  13 wraiths
  A golden eye (shapeshifter) (Vaults:4)
  A steam dragon (shapeshifter) (D:14)
  7 steam dragons
  4 vampire mosquitoes (D:14)
  8 wargs
  A warg (shapeshifter) (Depths:2)
  A soldier ant (shapeshifter) (Depths:1)
  A naga (D:13)
  A soldier ant (D:9)
  12 water moccasins
  3 acid dragons
  3 porcupines
  2 black bears (Lair:6)
  44 orc warriors
  4 sky beasts
  5 necrophages
  A black bear (shapeshifter) (Vaults:2)
  5 ice beasts
  3 phantoms
  38 ogres
  21 wolves
  5 boggarts
  2 eyes of draining
  A swamp dragon zombie (Crypt:3)
  A human skeleton (Vaults:3)
  13 centaurs
  15 crocodiles
  A blink frog skeleton (Crypt:3)
  A yaktaur zombie (Crypt:1)
  A hog skeleton (Crypt:2)
  18 bullfrogs
  8 big kobolds
  A rime drake skeleton (Crypt:2)
  2 earth elementals
  A komodo dragon skeleton (Crypt:2)
  An elf skeleton (Crypt:2)
  A wyvern skeleton (D:12)
  3 scorpions
  A troll zombie (Crypt:2)
  An elf simulacrum (Vaults:3)
  5 wights (D:11)
  25 killer bees
  4 howler monkeys
  6 crimson imps
  2 bullfrog zombies
  A quasit (D:11)
  5 centaur zombies
  A gnoll shaman (D:6)
  7 hounds
  Crazy Yiuf (D:2)
  21 orc priests
  6 jellies
  A bullfrog skeleton (D:13)
  30 orc wizards
  2 iguanas
  8 worker ants
  2 killer bee zombies
  A sky beast zombie (Crypt:1)
  A dwarf zombie (Crypt:1)
  A big kobold skeleton (Crypt:3)
  3 hound skeletons
  4 gnolls (D:6)
  14 adders
  A howler monkey skeleton (D:7)
  2 shadow imps
  A white imp (Vaults:2)
  2 oozes
  5 worms
  3 dart slugs
  7 leopard geckos
  135 orcs
  A ball python (D:2)
  6 giant cockroaches
  6 goblins
  3 hobgoblins
  10 jackals
  5 quokkas
  A ball python skeleton (Crypt:3)
  11 bats
  4 frilled lizards
  20 kobolds
  A leopard gecko skeleton (D:8)
  A leopard gecko zombie (Crypt:2)
  A quokka skeleton (D:7)
  7 rats
  A fungus (Elf:3)
  2 plants (Lair:6)
  4 tentacles (Shoals:4)
  A withered plant (Shoals:2)
1986 creatures vanquished.

Vanquished Creatures (collateral kills)
  A frost giant (Depths:2)
  A stone giant (Depths:2)
  A big kobold (D:13)
  An orc (D:12)
4 creatures vanquished.

Vanquished Creatures (others)
  A merfolk aquamancer (Shoals:4)
  3 deep elf magi
  A water elemental (Depths:1)
  A steam dragon (Lair:4)
  A boggart (Vaults:3)
  A big kobold (D:13)
  A jelly (D:12)
  An adder (D:12)
  12 fungi
  11 plants
  7 tentacles (Shoals:4)
40 creatures vanquished.

Grand Total: 2030 creatures vanquished

Notes
Turn   | Place    | Note
-------+----------+-------------------------------------------
     0 | D:1      | Gorice the Minotaur Gladiator began the quest for the Orb.
     0 | D:1      | Reached XP level 1. HP: 18/18 MP: 0/0
   146 | D:1      | Reached skill level 4 in Long Blades
   215 | D:1      | Reached XP level 2. HP: 22/25 MP: 1/1
   436 | D:1      | Reached skill level 1 in Armour
   784 | D:2      | Reached XP level 3. HP: 27/30 MP: 2/2
   802 | D:2      | Reached skill level 5 in Long Blades
  1049 | D:2      | Reached skill level 2 in Armour
  1154 | D:2      | Reached XP level 4. HP: 37/37 MP: 3/3
  1275 | D:2      | Found a runed door.
  1485 | D:3      | Noticed an ice beast
  1501 | D:3      | Killed an ice beast
  1501 | D:3      | Reached skill level 6 in Long Blades
  1501 | D:3      | Reached skill level 3 in Armour
  1501 | D:3      | Reached XP level 5. HP: 28/42 MP: 4/4
  1608 | D:3      | Found a radiant altar of Vehumet.
  1838 | D:3      | Found a snail-covered altar of Cheibriados.
  2262 | D:3      | Upgraded the game from 0.23-a0-704-g7fdf9c5 to
                  | 0.23-a0-712-g3a644c0
  2291 | D:4      | Noticed a sky beast
  2298 | D:4      | HP: 10/42 [sky beast (6)]
  2303 | D:4      | Killed a sky beast
  2303 | D:4      | Reached skill level 7 in Long Blades
  2303 | D:4      | Reached XP level 6. HP: 12/50 MP: 2/5
  2590 | D:4      | Found a glowing silver altar of Zin.
  2590 | D:4      | Found a bloodstained altar of Trog.
  2672 | D:3      | Reached skill level 4 in Armour
  2915 | D:4      | Reached skill level 8 in Long Blades
  2915 | D:4      | Reached XP level 7. HP: 34/56 MP: 3/6
  3034 | D:4      | Found a staircase to the Ecumenical Temple.
  3046 | Temple   | Entered the Ecumenical Temple
  3246 | D:4      | Found a glowing golden altar of the Shining One.
  3297 | D:4      | Reached skill level 5 in Armour
  3443 | D:4      | Became a worshipper of the Shining One
  3584 | D:4      | Found a burning altar of Makhleb.
  3746 | D:5      | Entered Level 5 of the Dungeon
  3895 | D:5      | Reached skill level 9 in Long Blades
  3896 | D:5      | Noticed Grinder
  3896 | D:5      | Paralysed by Grinder for 6 turns
  3912 | D:5      | Killed Grinder
  3930 | D:5      | Reached skill level 6 in Armour
  3975 | D:5      | Noticed Pikel
  3981 | D:5      | Killed Pikel
  3981 | D:5      | Reached skill level 10 in Long Blades
  3981 | D:5      | Reached XP level 8. HP: 62/62 MP: 7/7
  3985 | D:5      | Reached skill level 7 in Armour
  4102 | D:5      | Reached skill level 11 in Long Blades
  4132 | D:5      | Found Areth's Antique Weapon Shop.
  4387 | D:5      | Bought a polished long sword for 221 gold pieces
  4387 | D:5      | Identified the +6 long sword "Wagien" {venom, *Corrode MR+
                  | SInv} (You bought it in a shop on level 5 of the Dungeon)
  4549 | D:6      | Reached * piety under the Shining One
  4651 | D:6      | Reached XP level 9. HP: 68/68 MP: 8/8
  4828 | D:6      | Reached skill level 8 in Armour
  4864 | D:6      | Reached skill level 12 in Long Blades
  5098 | D:6      | Reached skill level 9 in Armour
  5466 | D:2      | Noticed Crazy Yiuf
  5470 | D:2      | Killed Crazy Yiuf
  5795 | D:7      | Reached skill level 10 in Armour
  5854 | D:7      | Found a shattered altar of Ashenzari.
  6016 | D:7      | Reached ** piety under the Shining One
  6016 | D:7      | Reached skill level 11 in Armour
  6423 | D:8      | Noticed Erica
  6435 | D:8      | Killed Erica
  6435 | D:8      | Reached XP level 10. HP: 73/74 MP: 9/9
  6496 | D:8      | Reached skill level 12 in Armour
  7153 | D:9      | Reached skill level 13 in Long Blades
  7506 | D:9      | Found a roughly hewn altar of Beogh.
  7509 | D:9      | Found a staircase to the Orcish Mines.
  7676 | D:9      | Found an ancient bone altar of Kikubaaqudgha.
  8113 | D:10     | Entered Level 10 of the Dungeon
  8140 | D:9      | HP: 22/74 [poisoned by a killer bee]
  8146 | D:9      | HP: 21/74 [poisoned by a killer bee]
  8154 | D:9      | HP: 21/74 [poisoned by a killer bee]
  8407 | D:10     | Reached *** piety under the Shining One
  8444 | D:9      | Reached skill level 13 in Armour
  8698 | D:10     | Reached skill level 14 in Long Blades
  8762 | D:10     | Reached skill level 1 in Invocations
  8768 | D:10     | Reached skill level 3 in Fighting
  8770 | D:10     | Found a staircase to the Lair.
  9111 | Lair:1   | Entered Level 1 of the Lair of Beasts
  9169 | Lair:1   | Reached XP level 11. HP: 56/82 MP: 9/11
  9241 | Lair:1   | Reached skill level 2 in Invocations
  9291 | Lair:1   | Reached skill level 4 in Fighting
  9638 | Lair:1   | Reached skill level 3 in Invocations
  9681 | Lair:1   | Reached skill level 5 in Fighting
  9750 | Lair:1   | Reached skill level 14 in Armour
  9764 | Lair:1   | Reached skill level 4 in Invocations
 10198 | Lair:2   | Reached skill level 6 in Fighting
 10350 | Lair:2   | Noticed Nergalle
 10374 | Lair:2   | Killed Nergalle
 10374 | Lair:2   | Reached skill level 7 in Fighting
 10491 | Lair:2   | Reached skill level 8 in Fighting
 10596 | Lair:2   | Noticed Fannar
 10619 | Lair:2   | Killed Fannar
 10619 | Lair:2   | Reached skill level 15 in Armour
 11073 | Lair:3   | Reached XP level 12. HP: 103/103 MP: 14/14
 11095 | Lair:3   | Reached **** piety under the Shining One
 11111 | Lair:3   | Reached skill level 9 in Fighting
 11359 | Lair:3   | Found a sacrificial altar of Ru.
 11780 | Lair:4   | Found a hole to the Spider Nest.
 11960 | Lair:4   | Reached skill level 10 in Fighting
 12258 | Lair:4   | Noticed a fire dragon
 12330 | Lair:3   | Killed a fire dragon
 12330 | Lair:3   | Reached skill level 16 in Armour
 12529 | Lair:4   | Reached skill level 11 in Fighting
 12849 | Lair:4   | Reached skill level 1 in Evocations
 12930 | Lair:4   | Found the +0 mask of the Dragon {MR+ Slay+3 SInv}
 13010 | Lair:4   | Found a staircase to the Shoals.
 13049 | Lair:4   | Reached skill level 2 in Evocations
 13371 | Lair:4   | Reached skill level 5 in Invocations
 13548 | Lair:4   | Upgraded the game from 0.23-a0-712-g3a644c0 to
                  | 0.23-a0-726-g9fa1570
 13577 | Lair:5   | Reached skill level 3 in Evocations
 13688 | Lair:5   | Reached skill level 12 in Fighting
 13701 | Lair:5   | Found a viscous altar of Jiyva.
 13702 | Lair:5   | Found a staircase to the Slime Pits.
 13724 | Lair:5   | Reached XP level 13. HP: 116/118 MP: 14/16
 13807 | Lair:5   | Reached skill level 6 in Invocations
 13809 | Lair:5   | Reached skill level 4 in Evocations
 14733 | Lair:6   | Entered Level 6 of the Lair of Beasts
 14758 | Lair:6   | Reached skill level 5 in Evocations
 14771 | Lair:6   | Reached skill level 7 in Invocations
 14910 | Lair:6   | Reached skill level 13 in Fighting
 14940 | Lair:6   | Reached ***** piety under the Shining One
 15140 | Lair:6   | Reached skill level 6 in Evocations
 15319 | Lair:6   | Reached skill level 8 in Invocations
 15846 | Lair:6   | Reached skill level 7 in Evocations
 16129 | Lair:6   | Reached skill level 14 in Fighting
 16361 | Lair:6   | Reached XP level 14. HP: 132/132 MP: 19/19
 16809 | Lair:6   | Got a bound tin amulet
 16810 | Lair:6   | Identified the amulet of Xom's Absentmindedness {Harm
                  | *Drain rC+} (You found it on level 6 of the Lair of Beasts)
 17008 | Orc:1    | Entered Level 1 of the Orcish Mines
 17142 | Orc:1    | Noticed a stone giant
 17269 | D:9      | Killed a stone giant
 17564 | D:9      | Reached skill level 3 in Throwing
 18079 | Orc:2    | Entered Level 2 of the Orcish Mines
 18431 | Orc:2    | Found a staircase to the Elven Halls.
 18516 | Orc:2    | Reached skill level 8 in Evocations
 18556 | Orc:2    | Found Canloos's General Store.
 18630 | Orc:2    | Reached skill level 4 in Throwing
 18640 | Orc:2    | Reached skill level 4 in Dodging
 18897 | Orc:2    | HP: 31/133 [ogre/+0 giant club (12)]
 18902 | Orc:2    | HP: 27/133 [ogre/+0 giant club (3)]
 18911 | Orc:2    | Reached skill level 15 in Fighting
 19245 | Orc:2    | Reached skill level 5 in Throwing
 19245 | Orc:2    | Reached skill level 5 in Dodging
 19610 | Orc:2    | Found Ceumomn's Antique Armour Boutique.
 19622 | Orc:2    | Found Reingyly's Book Emporium.
 19664 | Orc:2    | Found Pastup Waoc's Magic Scroll Shop.
 19679 | Orc:2    | Bought a scroll of fog for 28 gold pieces
 19876 | D:11     | Reached skill level 6 in Dodging
 19884 | D:11     | Reached skill level 6 in Throwing
 20105 | D:11     | Noticed Josephine
 20124 | D:11     | Killed Josephine
 20132 | D:11     | Reached ****** piety under the Shining One
 20736 | D:12     | Reached skill level 7 in Dodging
 20765 | D:12     | Reached XP level 15. HP: 143/143 MP: 18/20
 20767 | D:12     | Noticed Rupert
 20781 | D:12     | Killed Rupert
 20781 | D:12     | Reached skill level 7 in Throwing
 21256 | D:12     | You fall through a shaft for 2 floors!
 21313 | D:13     | Reached skill level 16 in Fighting
 21401 | D:13     | Found a gate to the Vaults.
 21406 | D:13     | Reached skill level 8 in Dodging
 21434 | D:13     | Found Sehiviq's Serpentskin Sales.
 21492 | D:13     | Found a flickering gateway to a bazaar.
 21501 | Bazaar   | Entered a bazaar
 21518 | Bazaar   | Found Qorouk Egor's Magic Scroll Shoppe.
 21549 | Bazaar   | Found Yddua's Jewellery Boutique.
 21623 | Bazaar   | Found Emoxkim's Gadget Shoppe.
 21653 | Bazaar   | Found Reidenij's Jewellery Shoppe.
 21736 | Bazaar   | Bought a scroll of blinking for 120 gold pieces
 21736 | Bazaar   | Bought a scroll of blinking for 120 gold pieces
 21951 | D:13     | Reached skill level 8 in Throwing
 22118 | D:12     | Noticed Sonja
 22129 | D:12     | Killed Sonja
 22269 | D:12     | Got a serpentine bone amulet
 22270 | D:12     | Identified the amulet "Tehuo" {Harm *Drain rPois rC+} (You
                  | found it on level 12 of the Dungeon)
 22366 | D:12     | Noticed Maurice
 22371 | D:12     | Killed Maurice
 22606 | D:12     | Reached skill level 9 in Dodging
 23003 | D:13     | Found a runed gate.
 23004 | D:13     | Found a runed gate.
 23005 | D:13     | Found a runed gate.
 23005 | D:13     | Noticed epen's ghost (journeyman GnCK)
 23952 | D:14     | Reached skill level 9 in Throwing
 24590 | D:15     | Entered Level 15 of the Dungeon
 24785 | D:14     | Reached skill level 10 in Dodging
 25163 | D:15     | Found a white marble altar of Elyvilon.
 25599 | D:15     | Found a staircase to the Depths.
 25613 | D:15     | Reached skill level 15 in Long Blades
 25908 | D:13     | Killed epen's ghost
 25908 | D:13     | Reached XP level 16. HP: 136/151 MP: 16/21
 25984 | D:13     | Reached skill level 10 in Throwing
 26038 | D:13     | Upgraded the game from 0.23-a0-726-g9fa1570 to
                  | 0.23-a0-730-g0b75920
 26243 | Spider:1 | Entered Level 1 of the Spider Nest
 26973 | Spider:1 | Reached skill level 11 in Dodging
 27186 | Spider:1 | Noticed Louise
 27210 | Spider:1 | Killed Louise
 27515 | Spider:1 | You fall through a shaft!
 27972 | Spider:1 | Reached skill level 9 in Invocations
 28650 | Spider:2 | You fall through a shaft!
 28671 | Spider:3 | Reached skill level 16 in Long Blades
 29351 | Spider:2 | Reached skill level 12 in Dodging
 29887 | Spider:3 | Reached skill level 10 in Invocations
 30309 | Spider:3 | Noticed Jorgrun
 30337 | Spider:3 | Killed Jorgrun
 30520 | Spider:3 | Noticed Arachne
 30551 | Spider:3 | Killed Arachne
 31006 | Spider:3 | Reached skill level 17 in Long Blades
 31006 | Spider:3 | Reached XP level 17. HP: 111/158 MP: 19/24
 31148 | Spider:4 | Entered Level 4 of the Spider Nest
 31148 | Spider:4 | Found a runed door.
 31149 | Spider:4 | Found a shimmering altar of Xom.
 31149 | Spider:4 | Noticed Moraad's ghost (journeyman DDFi)
 31180 | Spider:4 | Reached skill level 11 in Invocations
 31963 | Spider:4 | Noticed Roxanne
 32504 | Spider:4 | HP: 47/158 [poisoned by a wolf spider]
 32510 | Spider:4 | HP: 47/158 [poisoned by a wolf spider]
 32726 | Spider:4 | HP: 45/158 [poisoned by an emperor scorpion]
 32731 | Spider:4 | HP: 21/158 [poisoned by an emperor scorpion]
 33072 | Spider:4 | Reached skill level 12 in Invocations
 33336 | Spider:4 | Reached skill level 18 in Long Blades
 33339 | Spider:4 | HP: 47/158 [poisoned by an emperor scorpion]
 34097 | Spider:4 | Got a gossamer rune of Zot
 34242 | Spider:4 | Killed Moraad's ghost
 34574 | Orc:2    | Bought a manual of Fighting for 1545 gold pieces
 34790 | Shoals:1 | Entered Level 1 of the Shoals
 34952 | Shoals:1 | Found Ofoitoiz's Armour Shoppe.
 35624 | Shoals:1 | Found Seicaano's Gadget Emporium.
 35650 | Shoals:1 | Found Motwomea's Weapon Shoppe.
 35728 | Shoals:1 | Reached skill level 17 in Armour
 36396 | Shoals:2 | Reached skill level 19 in Long Blades
 36774 | Shoals:2 | Found a runed gate.
 36774 | Shoals:2 | Found a runed gate.
 36774 | Shoals:2 | Found a runed gate.
 36774 | Shoals:2 | Noticed Onatt's ghost (adept GnCK)
 36863 | Shoals:2 | Reached XP level 18. HP: 165/166 MP: 26/26
 37046 | Shoals:2 | Noticed Ilsuiw
 37062 | Shoals:2 | Killed Ilsuiw
 37069 | Shoals:2 | HP: 46/166 [merfolk/+0 trident (6)]
 37074 | Shoals:2 | HP: 28/166 [poisoned by a sea snake]
 38131 | Shoals:3 | Reached skill level 18 in Armour
 38582 | Shoals:4 | Entered Level 4 of the Shoals
 39632 | Shoals:4 | Reached skill level 20 in Long Blades
 39924 | Shoals:4 | HP: 48/168 [sea snake (6)]
 40451 | Shoals:4 | Got a barnacled rune of Zot
 40795 | Lair:1   | Upgraded the game from 0.23-a0-730-g0b75920 to
                  | 0.23-a0-756-g517b432
 40931 | Vaults:1 | Entered Level 1 of the Vaults
 40959 | Vaults:1 | Reached skill level 17 in Fighting
 40962 | Vaults:1 | Reached skill level 19 in Armour
 41554 | Vaults:1 | Reached skill level 18 in Fighting
 41658 | Vaults:1 | Found Venac's Book Shoppe.
 41876 | Vaults:1 | Reached XP level 19. HP: 178/179 MP: 27/27
 42008 | Vaults:1 | Found a runed door.
 42008 | Vaults:1 | Found a shimmering altar of Xom.
 42008 | Vaults:1 | Noticed tilp's ghost (adept MfIE)
 42031 | Vaults:1 | Killed tilp's ghost
 42042 | Vaults:1 | Identified the +3 ring mail of Recklessness {MR- Int+3}
                  | (You found it on level 1 of the Vaults)
 42321 | Vaults:1 | Reached skill level 19 in Fighting
 42621 | Vaults:1 | Reached skill level 20 in Armour
 43414 | Vaults:2 | Found a staircase to the Crypt.
 43432 | Vaults:2 | Reached skill level 20 in Fighting
 44418 | Vaults:2 | Reached skill level 21 in Fighting
 45069 | Vaults:3 | Reached skill level 21 in Armour
 45766 | Vaults:2 | Reached XP level 20. HP: 195/198 MP: 26/28
 45881 | Vaults:3 | HP: 54/198 [harpy (7)]
 45886 | Vaults:3 | HP: 48/198 [yaktaur/bolt (8)]
 46579 | Vaults:3 | Found a runed door.
 46581 | Vaults:3 | Noticed ubloh's ghost (adept HOGl)
 46612 | Vaults:3 | Killed ubloh's ghost
 46620 | Vaults:3 | Got a translucent ruby amulet
 46623 | Vaults:3 | Identified the amulet "Icvaatie" {Acrobat Dex+7} (You found
                  | it on level 3 of the Vaults)
 47581 | Vaults:3 | Identified a scroll of acquirement
 48170 | Vaults:4 | Reached skill level 22 in Fighting
 48377 | Vaults:4 | Reached skill level 22 in Armour
 48610 | Vaults:4 | Reached skill level 9 in Evocations
 50127 | Crypt:1  | Entered Level 1 of the Crypt
 50169 | Crypt:1  | Reached skill level 10 in Evocations
 50433 | Crypt:1  | Found a runed door.
 50433 | Crypt:1  | Found a shimmering altar of Xom.
 50433 | Crypt:1  | Noticed Adoddidy's ghost (adept NaAE)
 50434 | Crypt:1  | Found the +7 captain's cutlass {speed, disarm}
 50452 | Crypt:1  | Killed Adoddidy's ghost
 50500 | Crypt:1  | Noticed Bai Suzhen
 50529 | Crypt:1  | Killed Bai Suzhen
 51087 | Crypt:2  | Reached XP level 21. HP: 198/207 MP: 27/29
 51107 | Crypt:2  | Reached skill level 21 in Long Blades
 51468 | Crypt:2  | Identified the +8 chain mail of the Sun {rElec rPois rCorr
                  | Dex-2} (You found it on level 2 of the Crypt)
 52069 | Crypt:3  | Entered Level 3 of the Crypt
 52347 | Crypt:3  | Reached skill level 22 in Long Blades
 52374 | Crypt:3  | Identified the +2 great sword "Womajad" {venom, rN+ Dex+3}
                  | (You found it on level 3 of the Crypt)
 52390 | Crypt:3  | Found a staircase to the Tomb.
 52658 | Crypt:3  | Noticed a curse toe
 52683 | Crypt:3  | Killed a curse toe
 53008 | Crypt:2  | Reached skill level 23 in Long Blades
 53207 | Crypt:3  | Found the ring of Phasing {EV+8}
 53342 | Crypt:3  | Noticed an ancient lich
 53406 | Crypt:3  | Noticed an ancient lich
 53567 | Crypt:2  | Killed an ancient lich
 54049 | Crypt:2  | Killed an ancient lich
 54206 | Crypt:3  | Identified the Catalogue of Black Secrets
 54214 | Crypt:3  | Identified Faolifoth's Incunabulum of the Voyage and
                  | Transformation
 54543 | Elf:1    | Entered Level 1 of the Elven Halls
 54629 | Elf:1    | Got a faintly glowing zirconium amulet
 54636 | Elf:1    | Identified the amulet of Secrets {Harm *Drain MP+9} (You
                  | found it on level 1 of the Elven Halls)
 54748 | Elf:1    | Reached skill level 24 in Long Blades
 55043 | Elf:1    | Reached XP level 22. HP: 215/215 MP: 30/30
 55111 | Elf:1    | Reached skill level 1 in Spellcasting
 55320 | Elf:1    | Found Muosoh's Gadget Boutique.
 55320 | Elf:1    | Found Caet's Jewellery Emporium.
 55321 | Elf:1    | Found Kudopluu's Jewellery Emporium.
 55480 | Elf:2    | Found a runed gate.
 55480 | Elf:2    | Found a runed gate.
 55480 | Elf:2    | Found a runed gate.
 55480 | Elf:2    | Found Fazxolisi's Assorted Antiques.
 55485 | Elf:2    | Found an opulent altar of Gozag.
 55485 | Elf:2    | Noticed Tiewk's ghost (adept SpEn)
 55496 | Elf:2    | Found Gagean's Assorted Antiques.
 55528 | Elf:2    | Found Sitoewnu's Assorted Antiques.
 55642 | Elf:2    | Found a magical portal.
 55675 | WizLab   | Entered Wucad Mu's Monastery
 55676 | WizLab   | Upgraded the game from 0.23-a0-756-g517b432 to
                  | 0.23-a0-767-gdc19b93
 55824 | WizLab   | Found the +9 staff of Wucad Mu {channel}
 56310 | Elf:2    | Found a runed gate.
 56310 | Elf:2    | Found a runed gate.
 56310 | Elf:2    | Found a runed gate.
 56367 | Elf:2    | Reached skill level 13 in Dodging
 56445 | Elf:2    | Bought a scroll of blinking for 240 gold pieces
 56445 | Elf:2    | Bought a transparent granite ring for 160 gold pieces
 56445 | Elf:2    | Identified the ring of Asyr {*Contam rPois rC+ rN+ Int+4}
                  | (You bought it in a shop on level 2 of the Elven Halls)
 56626 | Elf:1    | Killed Tiewk's ghost
 56626 | Elf:1    | Reached skill level 2 in Spellcasting
 56839 | Elf:2    | Bought a potion of haste for 280 gold pieces
 56888 | Elf:2    | Reached skill level 14 in Dodging
 56888 | Elf:2    | Reached XP level 23. HP: 223/223 MP: 31/31
 57094 | Elf:2    | Reached skill level 15 in Dodging
 57369 | Elf:2    | Reached skill level 13 in Invocations
 57615 | Elf:2    | Reached skill level 3 in Spellcasting
 58102 | Elf:3    | Entered Level 3 of the Elven Halls
 58171 | Elf:3    | Got a slimy turquoise ring
 58172 | Elf:3    | Identified the ring "Tuthu" {Fire rElec} (You found it on
                  | level 3 of the Elven Halls)
 58430 | Elf:3    | Reached skill level 11 in Evocations
 58593 | Elf:3    | Identified the ring "Meaf Ohisayl" {+Blink rPois MR+ Str+4
                  | Slay+3}
 59023 | Elf:3    | Reached skill level 16 in Dodging
 59190 | Elf:3    | Reached skill level 4 in Spellcasting
 59266 | Elf:3    | Identified the +5 short sword "Udeaf" {pierce, rN+ SInv}
 59266 | Elf:3    | Identified the cursed -4 buckler "Tovor" {rPois rF+ Int+2
                  | SInv}
 59385 | Elf:3    | Identified the cursed +0 battleaxe of Egunuh {chop, rF+ MR+
                  | Dex+6 SInv}
 59385 | Elf:3    | Identified the cursed +1 plate armour "Mogoit" {MR+}
 60066 | Elf:3    | Found the +0 sword of Power
 60504 | Depths:1 | Entered Level 1 of the Depths
 60801 | Depths:1 | Found a gateway to a ziggurat.
 61042 | Depths:1 | Reached skill level 14 in Invocations
 61059 | Depths:1 | HP: 60/223 [frost giant/bolt of cold (17)]
 61489 | D:15     | Reached skill level 17 in Dodging
 61514 | D:15     | Reached XP level 24. HP: 226/231 MP: 31/32
 61539 | Depths:1 | Reached skill level 5 in Spellcasting
 61978 | Depths:1 | Reached skill level 12 in Evocations
 62231 | Depths:1 | Identified the Grimoire of Earthen Enchantment
 62491 | Depths:1 | Noticed Asterion
 62504 | Depths:1 | Killed Asterion
 62746 | Depths:1 | Found a gateway to Hell.
 62932 | Depths:2 | Reached skill level 6 in Spellcasting
 62977 | Depths:2 | Noticed Saint Roka
 63002 | Depths:2 | Killed Saint Roka
 63002 | Depths:2 | Reached skill level 18 in Dodging
 63005 | Depths:2 | Learned a level 1 spell: Apportation
 63008 | Depths:2 | Learned a level 2 spell: Blink
 63013 | Depths:2 | Learned a level 4 spell: Summon Lightning Spire
 63019 | Depths:2 | Learned a level 5 spell: Aura of Abjuration
 63105 | Depths:2 | Found a one-way gate to the infinite horrors of the Abyss.
 63150 | Depths:2 | HP: 66/231 [flayed ghost (12)]
 63158 | Depths:2 | HP: 62/231 [flayed ghost (illusionary)/flay_damage (30)]
 63164 | Depths:2 | HP: 29/231 [flayed ghost (illusionary) (10)]
 63530 | Depths:2 | Reached skill level 15 in Invocations
 63911 | Depths:2 | Reached skill level 7 in Spellcasting
 63912 | Depths:2 | Noticed a juggernaut
 63917 | Depths:2 | Killed a juggernaut
 64046 | Depths:2 | HP: 67/231 [stone giant/large rock (18)]
 64051 | Depths:2 | HP: 55/231 [stone giant/large rock (14)]
 64057 | Depths:2 | HP: 19/231 [stone giant (16)]
 64059 | Depths:2 | Slain by a stone giant

Vault maps used:
D:1:      enne_arrival_octagon_isle, minmay_tromino_v2
D:2:      minmay_cut_off, uniq_crazy_yiuf_cottage
D:3:      nicolae_overflow_hidden_temple, lemuel_round_altar, first_ration
D:4:      lightli_temple_of_fire, gammafunk_temple_overflow_wave,
          nicolae_tso_swordbearing_angel, minmay_temple_entry_junction
D:5:      serial_shops, shop, st_stairs_3, uniq_pikel, uniq_grinder
D:6:      minmay_unpleasant_kobolds
D:7:      ashenzari_conservatory_becter, roderic_roman_lattice
D:8:      uniq_erica
D:9:      kiku_gazebo_garden_becter, david_orc_5
D:10:     erik_lair_orcish_takeover
D:11:     uniq_josephine
D:12:     hangedman_stone_soup, uniq_sonja, uniq_maurice, uniq_rupert
D:13:     david_vaults_1, gammafunk_ghost_nasty_kobolds, serial_shops,
          bzr_firewalk, guppyfry_shop_venom
D:15:     grunt_enter_depths_magical_seal, chequers_serial_rivers_marsh,
          elyvilon_altar_3
Temple:   eino_narrow_crystal_temple
Lair:1:   serial_bayou_shore_b, grunt_megastairs_1, lemuel_fruit_fields
Lair:2:   uniq_nergalle, uniq_fannar
Lair:3:   basic_altar
Lair:4:   elwin_shoals_entry_stream, spider_nest_entry_a,
          bobbens_dragon_lair_wall
Lair:5:   slime_altar_1, beast_lair_carwin_10
Lair:6:   minmay_lair_end_enchanted_forest, chequers_serial_rivers_large_a,
          lemuel_fruit_tree, minmay_lair_oklob_chamber, grunt_megastairs_4
Shoals:1: cheibrodos_shoals_satyrical_garden, serial_shops, shop, shop_statue,
          shop
Shoals:2: ebering_ghost_rock_garden, argonaut_gorgonesque, uniq_ilsuiw
Shoals:4: shoals_end_hangedman
Spider:1: uniq_louise
Spider:2: hangedman_spider_tarantella_strand
Spider:3: drop_trap, nicolae_arachne_temple, uniq_arachne, uniq_jorgrun
Spider:4: grunt_spider_rune_parallel, ebering_ghost_xom, uniq_roxanne
Orc:2:    st_orc_open
Elf:1:    hangedman_elven_crosses_minicolossus, minmay_shop_grove
Elf:2:    ebering_ghost_gozag, serial_shops, nicolae_shop_stone,
          mu_enter_wizlab_7, hex_tiny
Elf:3:    minmay_elf_hall_furrowed, minmay_checkered_concentric_circles,
          roderic_lattice_octagonal_star
Vaults:1: ebering_vaults_ghost_xom, ontoclasm_vaults_claustrophobia,
          vaults_mumra_lcd, serial_ice_b, v_misc_4,
          nicolae_vaults_branching_niches, nicolae_vaults_shelves_hall,
          hangedman_vaults_corner, vaults_mumra_minichess_inversion,
          vaults_mumra_chevron_long, nicolae_vaults_shelves_hall, v_misc_29,
          hangedman_vaults_cutoff, vaults_mumra_hexcomb,
          nicolae_vaults_rhombus_5, serial_shops, shop
Vaults:2: nicolae_vaults_little_ls, ontoclasm_vaults_ring_large, serial_ice_h,
          minmay_crypt_entry_simple_corners, vaults_room_pools,
          ontoclasm_vaults_eye, vaults_room_door_ring, hangedman_vaults_slice,
          grunt_vaults_swirl, serial_ice_b, v_misc_23, ontoclasm_vaults_fault
Vaults:3: ebering_vaults_ghost_reflecting_pool, nicolae_vaults_what_the_h,
          vaults_room_semicircle, nicolae_vaults_quadrants,
          ontoclasm_vaults_ligature, ontoclasm_vaults_gateway,
          nicolae_vaults_rhombus_6, hangedman_vaults_capsules,
          nicolae_vaults_three_branches, nicolae_vaults_hallways_thing,
          ontoclasm_vaults_ring_small, nicolae_vaults_little_squares_2,
          vaults_dpeg_cross
Vaults:4: vaults_room_fancy_cross, hangedman_vaults_slice, v_pattern_1,
          hangedman_vaults_stretched_pinwheel, v_misc_3, hangedman_vaults_locks,
          nicolae_vaults_shelves_hall, vaults_room_door_ring,
          vaults_dpeg_diagonal, nicolae_vaults_mini_display_case,
          ontoclasm_vaults_decontamination
Crypt:1:  ebering_ghost_xom, uniq_xtahua, uniq_bai_suzhen
Crypt:3:  david_glass_crypt
Depths:1: enter_ziggurat_c, hangedman_tar_grid_catacomb, lemuel_freeze_loot_1,
          serial_bayou_shore_a, uniq_asterion
Depths:2: minmay_octagon_city, minmay_misc_feat_square, abyss_entry_crystal,
          pf_coc_iceberg, uniq_saint_roka
Bazaar:   bazaar_minmay_generic_d
WizLab:   wizlab_wucad

Skill      XL: |  1  2  3  4  5  6  7  8  9 10 11 12 13 14 15 16 17 18 19 20 21 22 23 24 |
---------------+-------------------------------------------------------------------------+-----
Long Blades    | 4 5 6 7 8 10 11 12 14 15 17 19 20 24 | 24.0
Armour         | 1 2 3 4 6 7 11 13 15 16 17 19 21 22 | 22.0
Invocations    | 1 4 5 8 10 12 14 15 | 15.7
Fighting       | 3 8 12 14 15 16 18 21 22 | 22.0
Evocations     | 3 7 8 10 11 12 | 12.0
Throwing       | 6 9 10 | 10.0
Dodging        | 7 10 12 14 17 18 | 18.0
Spellcasting   | 2 4 7 |  7.4

Action                   |  1- 3 |  4- 6 |  7- 9 | 10-12 | 13-15 | 16-18 | 19-21 | 22-24 || total
-------------------------+-------+-------+-------+-------+-------+-------+-------+-------++-------
Melee: Long sword        |    74 |   135 |   275 |   590 |  1328 |   703 |       |       ||  3105
       Headbutt          |    13 |    21 |    53 |   140 |   362 |   366 |   467 |   240 ||  1662
       Scimitar          |       |       |       |       |    59 |    81 |       |       ||   140
       Great sword       |       |       |       |       |       |   707 |  1236 |       ||  1943
       Triple sword      |       |       |       |       |       |       |   279 |   895 ||  1174
Throw: Tomahawk          |       |     4 |    18 |     8 |     9 |   109 |     1 |       ||   149
       Javelin           |       |       |     1 |     4 |    19 |    12 |    25 |     6 ||    67
       Throwing net      |       |       |       |       |       |     1 |       |       ||     1
Invok: Summon Divine War |       |       |       |       |     2 |     2 |       |     1 ||     5
Evoke: Wand              |       |       |       |       |     9 |    22 |       |       ||    31
  Use: Scroll            |     4 |     8 |     6 |    10 |     8 |     3 |    11 |    10 ||    60
       Potion            |       |       |     2 |       |     1 |     7 |       |     2 ||    12
  Eat: Chunk             |     1 |     6 |     8 |    23 |    39 |    38 |    30 |    26 ||   171
       Ration            |       |       |     1 |       |       |     5 |     4 |     1 ||    11
Armor: Plate armour      |    70 |    83 |   185 |   346 |   750 |  1125 |   759 |       ||  3318
       Chain mail        |       |       |       |       |       |       |    18 |   420 ||   438
Dodge: Dodged            |    50 |    38 |   104 |   153 |   423 |   869 |   838 |   993 ||  3468
Block: Buckler           |       |       |       |    56 |   240 |   179 |       |       ||   475
       Rpst.: Long sword |    14 |     7 |    24 |    50 |    89 |    82 |       |       ||   266
       Scimitar          |       |       |       |       |     2 |     7 |       |       ||     9
       Great sword       |       |       |       |       |       |    69 |   148 |       ||   217
       Triple sword      |       |       |       |       |       |       |    32 |   159 ||   191

Table legend:
 A = Non-vault XP
 B = Vault XP
 C = Vault XP percentage of total XP
 D = Non-vault monster count
 E = Vault monster count
 F = Vault count percentage of total count
                 A         B        C        D         E       F
            +---------+---------+-------+---------+---------+-------
      Total |  550493 |  419156 |  43.2 |    1370 |     616 |  31.0
            +---------+---------+-------+---------+---------+-------
        D:1 |      34 |       3 |   8.1 |      16 |       2 |  11.1
        D:2 |      81 |      49 |  37.7 |      27 |       4 |  12.9
        D:3 |     252 |       0 |   0.0 |      31 |       0 |   0.0
        D:4 |     574 |       0 |   0.0 |      17 |       0 |   0.0
        D:5 |     236 |     988 |  80.7 |      12 |       3 |  20.0
        D:6 |    1673 |      99 |   5.6 |      46 |       6 |  11.5
        D:7 |     924 |       0 |   0.0 |      17 |       0 |   0.0
        D:8 |     832 |     918 |  52.5 |      22 |       1 |   4.3
        D:9 |    2860 |     885 |  23.6 |      18 |      24 |  57.1
       D:10 |    1424 |     595 |  29.5 |      22 |       8 |  26.7
       D:11 |    8510 |    2115 |  19.9 |      50 |       6 |  10.7
       D:12 |    8664 |    4380 |  33.6 |      45 |       7 |  13.5
       D:13 |    9819 |    6973 |  41.5 |      38 |      17 |  30.9
       D:14 |   12354 |       0 |   0.0 |      36 |       0 |   0.0
       D:15 |   16650 |    3855 |  18.8 |      27 |       8 |  22.9
     Lair:1 |    4604 |     468 |   9.2 |      22 |       3 |  12.0
     Lair:2 |    3644 |    1774 |  32.7 |      16 |       2 |  11.1
     Lair:3 |    4312 |    1383 |  24.3 |      15 |       3 |  16.7
     Lair:4 |    2594 |    6785 |  72.3 |      11 |      21 |  65.6
     Lair:5 |    5918 |    3860 |  39.5 |      15 |      11 |  42.3
     Lair:6 |    8935 |   11369 |  56.0 |      25 |      51 |  67.1
   Shoals:1 |   16376 |    2610 |  13.7 |      32 |       5 |  13.5
   Shoals:2 |   18563 |    7139 |  27.8 |      39 |      12 |  23.5
   Shoals:3 |    7734 |       0 |   0.0 |      14 |       0 |   0.0
   Shoals:4 |   14423 |   18939 |  56.8 |      28 |      28 |  50.0
   Spider:1 |   18928 |    1212 |   6.0 |      57 |       1 |   1.7
   Spider:2 |   10756 |     210 |   1.9 |      30 |       1 |   3.2
   Spider:3 |   12124 |   18606 |  60.5 |      26 |      34 |  56.7
   Spider:4 |   16273 |   27936 |  63.2 |      43 |      53 |  55.2
      Orc:1 |    4058 |       0 |   0.0 |      44 |       0 |   0.0
      Orc:2 |    3544 |   15512 |  81.4 |      43 |      37 |  46.2
      Elf:1 |   14550 |   13837 |  48.7 |      25 |      19 |  43.2
      Elf:2 |   14268 |   28640 |  66.7 |      23 |      36 |  61.0
      Elf:3 |   20649 |   46799 |  69.4 |      30 |      37 |  55.2
   Vaults:1 |   21844 |   40269 |  64.8 |      39 |      48 |  55.2
   Vaults:2 |   36619 |   22019 |  37.6 |      58 |      35 |  37.6
   Vaults:3 |   18024 |   16028 |  47.1 |      35 |      21 |  37.5
   Vaults:4 |   39442 |   16595 |  29.6 |      53 |      27 |  33.8
    Crypt:1 |   10463 |    8875 |  45.9 |      17 |       3 |  15.0
    Crypt:2 |   46878 |   23098 |  33.0 |      67 |       4 |   5.6
    Crypt:3 |   25258 |   14881 |  37.1 |      36 |       9 |  20.0
   Depths:1 |   61968 |    2613 |   4.0 |      71 |       1 |   1.4
   Depths:2 |   22857 |   45622 |  66.6 |      32 |      27 |  45.8
     WizLab |       0 |    1217 | 100.0 |       0 |       1 | 100.0
            +---------+---------+-------+---------+---------+-------

Table legend:
 A = Turns spent in this place as a percentage of turns spent in the entire game.
 B = Non-inter-level travel turns spent in this place as a percentage of non-inter-level travel turns spent in the entire game.
 C = Inter-level travel turns spent in this place as a percentage of turns spent in this place.
 D = Turns resting spent in this place as a percentage of non-inter-level travel turns spent in this place.
 E = Turns spent auto-exploring this place as a percentage of non-inter-level travel turns spent in this place.
 F = Non-inter-level travel turns spent in this place divided by the number of levels of this place that you've seen.
                   A       B       C       D       E      F
               +-------+-------+-------+-------+-------+----------------------
         Total | 100.0 | 100.0 |   8.7 |  30.6 |  33.7 | 1271.8
       Dungeon |  27.5 |  26.5 |  11.9 |  26.3 |  42.4 | 1033.7
        Temple |   0.2 |   0.2 |   8.4 |   0.0 |  98.6 | 142.0
          Lair |  13.8 |  12.8 |  15.5 |  23.4 |  44.7 | 1248.0
        Shoals |   8.8 |   9.3 |   3.5 |  37.4 |  24.8 | 1365.2
   Spider Nest |  12.4 |  13.1 |   3.1 |  44.7 |  24.8 | 1917.5
  Orcish Mines |   4.0 |   3.8 |  13.3 |  31.2 |  22.0 | 1102.5
   Elven Halls |   7.9 |   7.6 |  11.3 |  21.0 |  33.1 | 1489.3
        Vaults |  13.7 |  14.3 |   5.1 |  35.8 |  26.2 | 2088.0
         Crypt |   6.5 |   6.6 |   6.6 |  29.9 |  36.1 | 1294.0
        Depths |   4.2 |   4.6 |   0.4 |  30.9 |  24.2 | 1332.0
        Bazaar |   0.5 |   0.5 |   0.0 |   0.0 |  12.2 | 296.0
        Wizlab |   0.6 |   0.6 |   0.0 |   1.1 |  36.5 | 367.0
               +-------+-------+-------+-------+-------+----------------------

Vault maps used:
D:1:      enne_arrival_octagon_isle, minmay_tromino_v2
D:2:      minmay_cut_off, uniq_crazy_yiuf_cottage
D:3:      nicolae_overflow_hidden_temple, lemuel_round_altar, first_ration
D:4:      lightli_temple_of_fire, gammafunk_temple_overflow_wave,
          nicolae_tso_swordbearing_angel, minmay_temple_entry_junction
D:5:      serial_shops, shop, st_stairs_3, uniq_pikel, uniq_grinder
D:6:      minmay_unpleasant_kobolds
D:7:      ashenzari_conservatory_becter, roderic_roman_lattice
D:8:      uniq_erica
D:9:      kiku_gazebo_garden_becter, david_orc_5
D:10:     erik_lair_orcish_takeover
D:11:     uniq_josephine
D:12:     hangedman_stone_soup, uniq_sonja, uniq_maurice, uniq_rupert
D:13:     david_vaults_1, gammafunk_ghost_nasty_kobolds, serial_shops,
          bzr_firewalk, guppyfry_shop_venom
D:15:     grunt_enter_depths_magical_seal, chequers_serial_rivers_marsh,
          elyvilon_altar_3
Temple:   eino_narrow_crystal_temple
Lair:1:   serial_bayou_shore_b, grunt_megastairs_1, lemuel_fruit_fields
Lair:2:   uniq_nergalle, uniq_fannar
Lair:3:   basic_altar
Lair:4:   elwin_shoals_entry_stream, spider_nest_entry_a,
          bobbens_dragon_lair_wall
Lair:5:   slime_altar_1, beast_lair_carwin_10
Lair:6:   minmay_lair_end_enchanted_forest, chequers_serial_rivers_large_a,
          lemuel_fruit_tree, minmay_lair_oklob_chamber, grunt_megastairs_4
Shoals:1: cheibrodos_shoals_satyrical_garden, serial_shops, shop, shop_statue,
          shop
Shoals:2: ebering_ghost_rock_garden, argonaut_gorgonesque, uniq_ilsuiw
Shoals:4: shoals_end_hangedman
Spider:1: uniq_louise
Spider:2: hangedman_spider_tarantella_strand
Spider:3: drop_trap, nicolae_arachne_temple, uniq_arachne, uniq_jorgrun
Spider:4: grunt_spider_rune_parallel, ebering_ghost_xom, uniq_roxanne
Orc:2:    st_orc_open
Elf:1:    hangedman_elven_crosses_minicolossus, minmay_shop_grove
Elf:2:    ebering_ghost_gozag, serial_shops, nicolae_shop_stone,
          mu_enter_wizlab_7, hex_tiny
Elf:3:    minmay_elf_hall_furrowed, minmay_checkered_concentric_circles,
          roderic_lattice_octagonal_star
Vaults:1: ebering_vaults_ghost_xom, ontoclasm_vaults_claustrophobia,
          vaults_mumra_lcd, serial_ice_b, v_misc_4,
          nicolae_vaults_branching_niches, nicolae_vaults_shelves_hall,
          hangedman_vaults_corner, vaults_mumra_minichess_inversion,
          vaults_mumra_chevron_long, nicolae_vaults_shelves_hall, v_misc_29,
          hangedman_vaults_cutoff, vaults_mumra_hexcomb,
          nicolae_vaults_rhombus_5, serial_shops, shop
Vaults:2: nicolae_vaults_little_ls, ontoclasm_vaults_ring_large, serial_ice_h,
          minmay_crypt_entry_simple_corners, vaults_room_pools,
          ontoclasm_vaults_eye, vaults_room_door_ring, hangedman_vaults_slice,
          grunt_vaults_swirl, serial_ice_b, v_misc_23, ontoclasm_vaults_fault
Vaults:3: ebering_vaults_ghost_reflecting_pool, nicolae_vaults_what_the_h,
          vaults_room_semicircle, nicolae_vaults_quadrants,
          ontoclasm_vaults_ligature, ontoclasm_vaults_gateway,
          nicolae_vaults_rhombus_6, hangedman_vaults_capsules,
          nicolae_vaults_three_branches, nicolae_vaults_hallways_thing,
          ontoclasm_vaults_ring_small, nicolae_vaults_little_squares_2,
          vaults_dpeg_cross
Vaults:4: vaults_room_fancy_cross, hangedman_vaults_slice, v_pattern_1,
          hangedman_vaults_stretched_pinwheel, v_misc_3, hangedman_vaults_locks,
          nicolae_vaults_shelves_hall, vaults_room_door_ring,
          vaults_dpeg_diagonal, nicolae_vaults_mini_display_case,
          ontoclasm_vaults_decontamination
Crypt:1:  ebering_ghost_xom, uniq_xtahua, uniq_bai_suzhen
Crypt:3:  david_glass_crypt
Depths:1: enter_ziggurat_c, hangedman_tar_grid_catacomb, lemuel_freeze_loot_1,
          serial_bayou_shore_a, uniq_asterion
Depths:2: minmay_octagon_city, minmay_misc_feat_square, abyss_entry_crystal,
          pf_coc_iceberg, uniq_saint_roka
Bazaar:   bazaar_minmay_generic_d
WizLab:   wizlab_wucad
